Map: Sueño eterno EE

Players

MrFercho

  • Race: Zerg Zerg
  • League: Gold
  • Spawn Location: 7:00

Anubis - Winner!

  • Race: Protoss Protoss
  • Spawn Location: 1:00

VOD

Have the link to the VOD?

Description

Time

  • Played on: July 20, 2020, 6:51 p.m.
  • Length: 6:11
Show
View Real Time Build Order
Export as new Build Order

MrFercho Zerg 

Build Orders: Hatch First 

Get SALT Encoding   

  12  0:01  Drone  
  13  0:15  Overlord  
  13  0:17  Drone  
  14  0:34  Drone x2  
  16  0:51  Hatchery  
  16  0:53  Drone  
  16  0:58  Drone  
  16  1:01  Drone  
  18  1:07  Extractor  
  17  1:18  Spawning Pool  
  17  1:20  Drone  
  17  1:23  Drone  
  18  1:31  Drone  
  19  1:41  Overlord  
  19  1:52  Drone  
  20  2:06  Queen x2  
  20  2:08  Drone x2  
  26  2:14  Drone x2  
  28  2:27  Drone x2  
  30  2:33  Metabolic Boost  
  30  2:42  Zergling x4  
  29  2:56  Zergling x4  
  27  3:03  Queen  
  25  3:12  Drone x4  
  18  3:36  Queen  
  19  3:44  Zergling x4  
  19  3:46  Zergling x2  
  15  3:58  Zergling x4  
  14  4:13  Spine Crawler  
  13  4:32  Zergling x6  
  13  4:37  Drone  
  13  5:04  Drone x3  
  15  5:27  Drone  
  15  5:28  Drone x2  
  16  5:38  Spine Crawler  
  15  5:47  Roach Warren  
  15  5:48  Drone  
Show
View Real Time Build Order
Export as new Build Order

Anubis Protoss - Winner!

Build Orders:  

Get SALT Encoding   

  12  0:02  Probe  
  13  0:13  Probe  
  13  0:21  Probe  
  14  0:24  Pylon  
  15  0:42  Probe  
  16  0:45  Pylon  
  16  1:04  Gateway  
  16  1:05  Gateway  
  16  1:10  Gateway  
  16  1:20  Probe  
  17  1:50  Zealot  
  17  1:51  Zealot  
  17  1:54  Zealot  
  23  2:13  Zealot  
  23  2:14  Zealot  
  23  2:22  Zealot  
  29  2:40  Zealot  
  31  2:51  Zealot  
  31  2:54  Zealot  
  29  3:07  Zealot  
  27  3:19  Zealot  
  27  3:21  Zealot  
  29  3:34  Zealot  
  29  3:46  Zealot  
  31  4:04  Zealot  
  31  4:20  Pylon  
  31  4:28  Zealot  
  31  4:31  Zealot  
  31  4:33  Pylon  
  31  4:35  Pylon, Zealot  
  29  4:55  Zealot  
  29  4:59  Zealot  
  31  5:02  Zealot  
  29  5:07  Forge  
  25  5:22  Zealot  
  25  5:26  Zealot  
  29  5:29  Zealot  
  31  5:45  Photon Cannon  
  33  5:52  Pylon  
Tags
 
League
Gold
Matchup
PvZ
Replay Pack
MrFercho
Spawn Locations
Cross Positions
Add a new tag
Caveats
  • Supply blocks, unpowered buildings, or Contaminate may cause inaccurate times.
  • Supply counts are checked every 10 seconds.